 Dungeon Crawl Stone Soup version 0.19.0-22-gd96e5fe (webtiles) character file.

107 smedtjen the Firebug (level 4, -2/33 HPs)
             Began as a Demigod Fire Elementalist on Nov 19, 2016.
             Slain by Philosophy's ghost (9 damage)
             ... on level 3 of the Dungeon.
             The game lasted 00:16:57 (4067 turns).

smedtjen the Firebug (Demigod Fire Elementalist)    Turns: 4067, Time: 00:16:58

Health: -2/33      AC:  5    Str: 11    XL:     4   Next: 32%
Magic:  6/10       EV: 13    Int: 21    God:
Gold:   153        SH:  0    Dex: 16    Spells: 2 memorised, 5 levels left

rFire  . . .     SeeInvis .     n - +0 short sword (curse)
rCold  . . .     Gourm    .     a - +0 robe
rNeg   . . .     Faith    .     (no shield)
rPois  .         Spirit   .     (no helmet)
rElec  .         Reflect  .     t - +0 cloak (curse)
rCorr  .         Harm     .     (no gloves)
MR     .....                    i - +1 pair of boots
Stlth  ++........               (no amulet)
                                (no ring)
                                (no ring)

@: about to teleport, very slightly contaminated
A: high mp 1
a: no special abilities


You were on level 3 of the Dungeon.
You were not hungry.

You visited 1 branch of the dungeon, and saw 3 of its levels.

You collected 153 gold pieces.

Inventory:

Hand Weapons
 d - a +0 short sword
 g - a cursed -2 dagger
 n - a cursed +0 short sword (weapon)
Missiles
 e - 4 curare-tipped needles
 h - 100 stones (quivered)
 k - 20 arrows
Armour
 a - a +0 robe (worn)
 i - a +1 pair of boots (worn)
 t - a cursed +0 cloak (worn)
Jewellery
 x - an uncursed amulet of faith {unknown}
Scrolls
 j - a scroll of identify
 m - 2 scrolls of amnesia
 q - a scroll of enchant weapon
Potions
 l - 2 potions of mutation {unknown}
 o - a potion of might {unknown}
 p - a potion of flight {unknown}
 s - a potion of curing {unknown}
 u - a potion of brilliance {unknown}
 v - a potion of ambrosia {unknown}
Books
 b - a book of Flames

   Spells                             Type                      Level
   a - Flame Tongue                   Conjuration/Fire             1
   b - Throw Flame                    Conjuration/Fire             2
   c - Conjure Flame                  Conjuration/Fire             3
   d - Inner Flame                    Hexes/Fire                   3
   e - Sticky Flame                   Conjuration/Fire             4
   f - Fireball                       Conjuration/Fire             5
Comestibles
 c - 5 bread rations
 w - 3 slices of pizza


   Skills:
 + Level 0.1 Short Blades
 + Level 2.2 Dodging
 + Level 2.1 Stealth
 + Level 2.5 Spellcasting
 + Level 1.7 Conjurations
 + Level 3.5 Fire Magic


You had 5 spell levels left.
You knew the following spells:

 Your Spells              Type           Power        Failure   Level  Hunger
a - Flame Tongue          Conj/Fire      ##...        6%          1    None
b - Throw Flame           Conj/Fire      ##....       10%         2    ##.....


Dungeon Overview and Level Annotations

Branches:
Dungeon (3/15)

Annotations:
D:3 Philosophy's ghost, amateur HOFi


Innate Abilities, Weirdness & Mutations

You have an increased reservoir of magic. (+10% MP)


Message History

Philosophy's ghost appears unharmed.
Philosophy's ghost completely misses you.
Casting: Flame Tongue
Confirm with . or Enter, or press ? or * to list all spells.
Aiming: Flame Tongue
Press: ? - help, Shift-Dir - straight line, f/p - Philosophy's ghost
Aim: Philosophy's ghost The flame tongue hits Philosophy's ghost.
Philosophy's ghost appears unharmed.
Philosophy's ghost closely misses you.
Casting: Flame Tongue
Confirm with . or Enter, or press ? or * to list all spells.
Aiming: Flame Tongue
Press: ? - help, Shift-Dir - straight line, f/p - Philosophy's ghost
Aim: Philosophy's ghost The flame tongue hits Philosophy's ghost.
Philosophy's ghost appears unharmed.
Philosophy's ghost hits you!
* * * LOW HITPOINT WARNING * * *
As you read the scroll of teleportation, it crumbles to dust.
You feel strangely unstable. Philosophy's ghost hits you!
You die...

### #.# #.#
#.# #.# #.# ##
########.# ..
#........#
#.###.########
#.W@..#
#######


You could see Philosophy's ghost.

Vanquished Creatures
  4 adders (D:2)
  2 worms (D:2)
  A dart slug (D:1)
  A leopard gecko (D:2)
  An orc (D:3)
  9 bats
  7 giant cockroaches
  6 goblins
  3 hobgoblins
  4 jackals (D:2)
  7 frilled lizards
  9 kobolds
  9 rats
63 creatures vanquished.

Notes
Turn   | Place    | Note
-------+----------+-------------------------------------------
     0 | D:1      | smedtjen the Demigod Fire Elementalist began the quest for the Orb.
     0 | D:1      | Reached XP level 1. HP: 14/14 MP: 5/5
   350 | D:1      | Reached skill level 3 in Fire Magic
   562 | D:1      | Reached XP level 2. HP: 20/20 MP: 1/7
   566 | D:1      | Learned a level 2 spell: Throw Flame
   608 | D:1      | Reached skill level 1 in Conjurations
  1969 | D:2      | Reached XP level 3. HP: 26/26 MP: 0/8
  2794 | D:2      | Found a faded altar of an unknown god.
  3243 | D:2      | Reached XP level 4. HP: 33/33 MP: 6/10
  4061 | D:3      | Noticed Philosophy's ghost (amateur HOFi)
  4067 | D:3      | Slain by Philosophy's ghost

Skill      XL: |  1  2 |
---------------+-------+-----
Dodging        | 2 |  2.2
Fire Magic     | 3 |  3.5
Stealth        | 2 |  2.1
Conjurations   | 1 |  1.7
Spellcasting   | 2 |  2.5
Short Blades   | |  0.1

Action                   |  1- 3 |  4- 6 || total
-------------------------+-------+-------++-------
Melee: Short sword       |    35 |     2 ||    37
 Cast: Flame Tongue      |    60 |    23 ||    83
       Throw Flame       |    30 |    12 ||    42
  Use: Scroll            |     6 |     2 ||     8
  Eat: Chunk             |     5 |     2 ||     7
       Beef jerky        |     3 |       ||     3
       Pizza             |     1 |       ||     1
Armor: Robe              |    12 |     2 ||    14
Dodge: Dodged            |    55 |    10 ||    65
